 Dungeon Crawl Stone Soup version 0.30-a0-920-g7493c07aab (webtiles) character file.

Game seed: 16902040623748187654

14 Jeffwins the Insei (level 2, 22/22 HPs)
             Began as a Human Wanderer on Mar 22, 2023.
             Quit the game on level 1 of the Dungeon.
             The game lasted 00:00:44 (211 turns).

Jeffwins the Insei (Human Wanderer)                  Turns: 211, Time: 00:00:44

Health: 22/22      AC:  3    Str: 12    XL:     2   Next: 60%
Magic:  2/2        EV: 12    Int: 10    God:
Gold:   0          SH:  0    Dex: 14    Spells: 1/1 levels left

rFire   . . .      SeeInvis .    a - +1 sling
rCold   . . .      Faith    .    (no shield)
rNeg    . . .      Spirit   .    e - +0 leather armour
rPois   .          Reflect  .    (no helmet)
rElec   .          Rampage  .    (no cloak)
rCorr   .                        (no gloves)
Will    .....                    (no boots)
Stlth   +                        (no amulet)
HPRegen 0.23/turn                (no ring)
MPRegen 0.08/turn                (no ring)

@: no status effects
A: no striking features
a: no special abilities


You were on level 1 of the Dungeon.
You visited 1 branch of the dungeon, and saw 1 of its levels.


   Skills:
 - Level 2.0 Fighting
 + Level 3.0 Ranged Weapons
 - Level 1.0 Armour
 - Level 2.0 Dodging
 - Level 3.0 Unarmed Combat


You had one spell level left.
You didn't know any spells.
Your spell library was empty.

Inventory:

Hand Weapons
 a - a +1 sling (weapon)
Armour
 e - a +0 leather armour (worn)
Jewellery
 Z - a ring of wizardry
Scrolls
 b - a scroll of blinking
 d - a scroll of teleportation {@r4}
Potions
 c - a potion of invisibility
 f - a potion of might {unknown}

Dungeon Overview and Level Annotations

Branches:
Dungeon (1/15)

Altars:

?.[#.. ## .....# .# #...#
#####.####. # #...########
#.!........
.###.........######..........
.......'#≈≈≈##.$.............
#......#.....#......#........
##...(.≈..<..≈......#........
.......≈..⌠..≈§§@...#........
##.....#.....#....§.#........
#..>.###≈≈≈###≈§§###........
#....#......#..§§.#.........
##....#...!..≈..⌠..≈.........
.....)#......≈.....≈.........
......#......#^§..)#.[#####..
..###........##§≈≈#'..# ..
#####...######....†.†.#


There were no monsters in sight!


Message History

The sling bullet closely misses the jackal.
The jackal barely misses you. The jackal closely misses you.
You shoot a sling bullet.
The sling bullet closely misses the jackal.
The jackal bites you but does no damage.
The jackal bites you.
You shoot a sling bullet. The sling bullet hits the jackal.
The jackal is severely wounded.
The jackal bites you. The jackal completely misses you.
You shoot a sling bullet. The sling bullet hits the jackal.
You kill the jackal!
You shoot a sling bullet. The sling bullet misses the goblin.
The goblin barely misses you. The goblin hits you but does no damage.
You shoot a sling bullet.
The sling bullet closely misses the goblin.
The goblin hits you but does no damage.
You shoot a sling bullet. The sling bullet hits the goblin!
You kill the goblin!
Your Ranged Weapons skill increases to level 3!
No target in view!
No target in view!
Items here: )) †††.
There is an open door here.
You start resting.
HP restored.
f - an emerald potion
Found a puce potion.
Found 16 gold pieces.
Z - a ring of wizardry Are you sure you want to abandon this character and quit the game? (Confirm with "yes".)

Skill      XL: |  1  2 |
---------------+-------+-----
Ranged Weapons | 3 |  3.0
Fighting       | |  2.0
Armour         | |  1.0
Dodging        | |  2.0
Unarmed Combat | |  3.0

Action                     || total
---------------------------++-------
   Fire: Sling             ||    39
 Armour: Leather armour    ||    16
  Dodge: Dodged            ||    18

Levels and vault maps discovered:
D:1:      dpeg_arrival_rooms_with_view, layout_rooms

Notes
Turn   | Place    | Note
-------+----------+-------------------------------------------
     0 | D:1      | Jeffwins the Human Wanderer began the quest for the Orb.
     0 | D:1      | Jeffwins set off with the following items: a +1 sling, a
                  | scroll of blinking, a potion of invisibility, a scroll of
                  | teleportation {@r4}, a +0 leather armour.
     0 | D:1      | Reached XP level 1. HP: 16/16 MP: 1/1
    54 | D:1      | Reached XP level 2. HP: 9/22 MP: 2/2
   156 | D:1      | Reached skill level 3 in Ranged Weapons
   211 | D:1      | Quit the game

Vanquished Creatures
  An endoplasm (D:1)
  2 goblins (D:1)
  A hobgoblin (D:1)
  2 jackals (D:1)
  A frilled lizard (D:1)
  4 kobolds (D:1)
  A rat (D:1)
12 creatures vanquished.

Table legend: (Time is in decaauts)
 A = Elapsed time spent in this place.
 B = Non-inter-level travel time spent in this place.
 C = Inter-level travel time spent in this place.
 D = Time resting spent in this place.
 E = Time spent auto-exploring this place.
 F = Levels seen in this place.
 G = Mean time per level.
                   A        B        C        D        E       F      G
               +--------+--------+--------+--------+--------+-----+--------+
         Total |    222 |    222 |      0 |     89 |      0 |   1 |  222.0 |
       Dungeon |    222 |    222 |      0 |     89 |      0 |   1 |  222.0 |
               +--------+--------+--------+--------+--------+-----+--------+

Top non-repeatable levels by time:
     D:1: 222 daAuts

Table legend:
 A = Non-vault XP
 B = Vault XP
 C = Vault XP percentage of total XP
 D = Non-vault monster count
 E = Vault monster count
 F = Vault count percentage of total count
                 A         B        C        D         E       F
            +---------+---------+-------+---------+---------+-------
      Total |      19 |       2 |   9.5 |      10 |       2 |  16.7
            +---------+---------+-------+---------+---------+-------
        D:1 |      19 |       2 |   9.5 |      10 |       2 |  16.7
            +---------+---------+-------+---------+---------+-------
